 Dungeon Crawl Stone Soup version 0.32-a0-891-gc41d80381e (webtiles) character file.

Game seed: 9956290115817503303

27153 fengi the Fighter (level 13, -8/104 HPs)
             Began as a Minotaur Fighter on Apr 3, 2024.
             Was an Elder of Hepliaklqana.
             Mangled by a death yak (12 damage)
             ... on level 1 of the Lair of Beasts.
             The game lasted 02:09:08 (15437 turns).

fengi the Fighter (Minotaur Fighter)               Turns: 15437, Time: 02:09:08

Health: -8/104     AC: 13    Str: 27    XL:     13   Next: 2%
Magic:  0/27       EV:  8    Int: 11    God:    Hepliaklqana [****..]
Gold:   682        SH: 11    Dex: 12    Spells: 13/20 levels left

rFire   . . .        p - +3 mace (holy)
rCold   . . .        k - +0 kite shield
rNeg    . . .        g - +3 scale mail {rPois}
rPois   +            (helmet restricted)
rElec   .            w - scarf {harm}
rCorr   +            (no gloves)
SInv    .            Q - +0 pair of boots
Will    .....        C - amulet of the Shouting Saviour {Spirit rCorr MP+9 Str+3} Stlth
                     j - +6 ring of intelligence
HPRegen 0.37/turn    E - ring of resist corrosion
MPRegen 0.20/turn

%: harm (+30% outgoing, +20% incoming), guardian spirit
@: no status effects
A: reduced essence, horns 2, retaliatory headbutt
a: Renounce Religion, Recall Ancestor, Ancestor Identity, Transference, Idealise


You were on level 1 of the Lair of Beasts.
You worshipped Hepliaklqana.
Hepliaklqana was greatly pleased with you.
You visited 3 branches of the dungeon, and saw 15 of its levels.

You collected 1108 gold pieces.
You spent 426 gold pieces at shops.

Inventory:

Hand Weapons
 p - a +3 mace of holy wrath (weapon)
 A - a +2 vampiric spear
 B - a +2 great mace of protection
 K - a +2 vampiric hand axe
 T - a +2 whip of electrocution
 U - a +2 vampiric battleaxe
Missiles
 i - a curare-tipped dart
 x - 5 boomerangs
 z - 6 atropa-tipped darts
 D - 15 poisoned darts
 F - 4 throwing nets
 Y - 103 stones
Armour
 c - a +0 buckler
 g - a +3 scale mail of poison resistance (worn)
 k - a +0 kite shield (worn)
 w - a scarf of harm (worn)
 y - the +0 ring mail "Ricinax" {-Cast rElec Dex+7}
   (You found it on level 3 of the Dungeon)

   Dex+7:     It affects your dexterity (+7).
   rElec:     It insulates you from electricity.
   -Cast:     It prevents spellcasting.
 N - a +0 cloak
 Q - a +0 pair of boots (worn)
Jewellery
 j - a +6 ring of intelligence (left hand)
 C - the amulet of the Shouting Saviour (around neck) {Spirit rCorr MP+9 Str+3}
   (You took it off a kobold on level 3 of the Dungeon)

   [amulet of guardian spirit]

   Spirit:    It causes incoming damage to be divided between your reserves of
   health and magic.
   Str+3:     It affects your strength (+3).
   MP+9:      It affects your magic capacity (+9).
   rCorr:     It protects you from acid and corrosion.
 E - a ring of resist corrosion (right hand)
 G - a ring of wizardry
 O - a ring of resist corrosion
 W - a ring of protection from fire
Talismans
 n - a maw talisman
Wands
 m - a wand of digging (3)
 P - a wand of polymorph (8)
 R - a wand of charming (4)
 S - a wand of mindburst (6)
 V - a wand of iceblast (14)
 X - a wand of flame (56) (quivered)
Scrolls
 b - 7 scrolls of enchant weapon
 e - 3 scrolls of immolation {unknown}
 h - 3 scrolls of brand weapon
 l - 4 scrolls of noise {unknown}
 o - a scroll of vulnerability {unknown}
 q - 8 scrolls of identify
 s - a scroll of silence {unknown}
 t - 7 scrolls of teleportation
 u - a scroll of blinking {unknown}
 v - 2 scrolls of fog {unknown}
 L - 2 scrolls of acquirement
 M - a scroll of amnesia {unknown}
Potions
 a - 2 potions of invisibility {unknown}
 d - 6 potions of might
 f - 5 potions of haste
 r - 12 potions of curing
 H - 3 potions of mutation
 I - 2 potions of attraction {unknown}
 J - 4 potions of brilliance
 Z - a potion of cancellation {unknown}


   Skills:
 + Level 11.4 Fighting
 + Level 11.1 Maces & Flails
 + Level 11.2 Armour
 + Level 11.4 Shields
 + Level 4.3 Spellcasting
 + Level 4.8 Necromancy
 + Level 4.0 Invocations
 + Level 6.7 Shapeshifting


You had 13 spell levels left.
You knew the following spells:

 Your Spells              Type           Power      Damage    Failure   Level
a - Fugue of the Fallen   Necr           13%        N/A       28%         3
b - Anguish               Hex/Necr       3%         N/A       94%         4

Your spell library contained the following spells:

 Spells                   Type           Power      Damage    Failure   Level
 Kiss of Death            Conj/Necr      28%        2d7       26%         1
 Magic Dart               Conj           8%         1d3       56%         1
 Sandblast                Erth           4%         2d4       56%         1
 Sting                    Conj/Alch      8%         1d3       56%         1
 Dispel Undead            Necr           13%        3d9       67%         4
 Ensorcelled Hibernation  Hex/Ice        4%         N/A       71%         2
 Mercury Vapours          Alch/Air       4%         N/A       71%         2
 Scorch                   Fire           4%         2d5       71%         2
 Searing Ray              Conj           4%         2d4       71%         2
 Confusing Touch          Hex            2%         N/A       90%         3
 Hailstorm                Conj/Ice       2%         3d5       90%         3
 Maxwell's Portable Pile  Tloc           2%         2d(5-14)  90%         3
 Stone Arrow              Conj/Erth      4%         3d7       90%         3
 Summon Ice Beast         Ice/Summ       2%         N/A       90%         3
 Tukima's Dance           Hex            2%         N/A       90%         3
 Brom's Barrelling Bould  Conj/Erth      2%         2d3       100%        4
 Dimensional Bullseye     Hex/Tloc       1%         N/A       100%        4
 Flame Wave               Conj/Fire      2%         2d4       100%        4
 Fulminant Prism          Conj/Alch      1%         3d5       100%        4
 Iskenderun's Mystic Bla Conj/Tloc 2%             2d3        (+2d1     100%        4
 Olgreb's Toxic Radiance  Alch           2%         N/A       100%        4
 Passage of Golubria      Tloc           2%         N/A       100%        4
 Arcjolt                  Conj/Air       1%         1d11      100%        5
 Yara's Violent Unravell  Hex/Alch       1%         3d3       100%        5
 Permafrost Eruption      Ice/Erth       1%         2x4d1     100%        6
 Sculpt Simulacrum        Ice/Alch       1%         N/A       100%        6
 Summon Cactus Giant      Summ           1%         N/A       100%        6
 Ozocubu's Refrigeration  Ice            1%         4d7       100%        7
 Discord                  Hex            1%         N/A       100%        8
 Maxwell's Capacitive Co  Air            1%         ∞         100%        8


Dungeon Overview and Level Annotations

Branches:
Dungeon (12/15)            Temple (1/1) D:5            Lair (2/5) D:8
    Orc (0/2) D:10
  Swamp: Lair:2-3    Shoals: Lair:2-3     Snake: Lair:2-3    Spider: Lair:2-3

Altars:
Ashenzari
Cheibriados
Dithmenos
Elyvilon
Fedhas
Gozag
Hepliaklqana
Kikubaaqudgha
Makhleb
Nemelex Xobeh
Okawaru
Qazlal
Ru
Sif Muna
Trog
Uskayaw
Vehumet
Wu Jian
Xom
Yredelemnul
Zin
The Shining One

Shops:
D:8 !   D:11 (   D:12 ?


Innate Abilities, Weirdness & Mutations

Your life essence is reduced to manifest your ancestor. (-10% HP)
You have a pair of horns on your head.
You reflexively headbutt those who attack you in melee.


Message History

You have reached level 13!
Seutrut remembers more of her old skill.
You see here a death yak corpse.
As you open the door, it creaks loudly!
Seutrut hits the death yak with a +0 dagger of draining!
Seutrut gestures at the death yak while chanting.
The death yak resists with almost no effort.
The death yak gores Seutrut!!
Seutrut is destroyed!
You hit the death yak. Your headbutt misses the death yak.
The death yak is heavily wounded.
The death yak gores you!!
* * * LOW HITPOINT WARNING * * *
The death yak attacks as it pursues you!
The death yak gores you.
* * * LOW HITPOINT WARNING * * *
You see here a death yak corpse.
The death yak attacks as it pursues you!
The death yak gores you.
* * * LOW HITPOINT WARNING * * *
The death yak snorts and paws the ground.
The death yak snorts and paws the ground.
The death yak attacks as it pursues you!
You block the death yak's attack.
The death yak attacks as it pursues you!
You block the death yak's attack.
There is a stone staircase leading up, spattered with blood here.
Things that are here:
a polar bear skeleton; a basilisk skeleton The death yak snorts and paws the ground.
You block the death yak's attack.
You climb upwards.
There is a stone staircase leading down here.
The death yak attacks as it pursues you!
The death yak gores you.
* * * LOW HITPOINT WARNING * * *
The death yak attacks as it pursues you!
The death yak gores you!
You die...
Hepliaklqana delivers you to your ancestors.

#.## ##..### #...###.. ##.#
##..##.# #....##..
######..###.....####...###..
#.....###..........##..# #..
#....##....#.##.....##.###..
#...#..........##....#.##...
#...#..#..........##....##..
###.......Yß...ß...#........
#.+......@.>.....#......^.
###......ß...ß...#..#.....
#...#.........#...####..
######....##...÷#.....#####.
##....##....####.....##......
#......÷..÷.........##.......
##.........#.....##.##...####
#.........###+.######...#
##.........#.....# ##..## #


You could see a death yak.

Vanquished Creatures
  A catoblepas (Lair:1)
  2 death yaks
  Pikel (D:5)
  An orc knight (D:11)
  A cyclops (D:12)
  A black mamba (Lair:2)
  A cane toad (Lair:1)
  A kobold demonologist (D:7)
  A komodo dragon (D:12)
  A gargoyle (D:12)
  6 trolls
  A polar bear (Lair:2)
  3 blink frogs (Lair:1)
  4 slime creatures
  Sigmund (D:2)
  2 vampires
  A shadow (D:12)
  22 yaks
  A wraith (D:10)
  2 wyverns
  Grum (D:9)
  A basilisk (Lair:1)
  5 vampire mosquitoes
  2 water moccasins
  An acid dragon (D:11)
  8 black bears
  A swamp drake (D:10)
  4 orc warriors
  10 wolves
  3 ogres
  6 centaurs
  4 lemures (D:5)
  2 kobold brigands (D:7)
  6 bullfrogs
  3 gnoll sergeants
  4 scorpions
  3 wights (D:7)
  12 killer bees
  4 howler monkeys
  4 hounds (D:5)
  3 bombardier beetles
  2 jellies
  Crazy Yiuf (D:4)
  2 gnoll boudas
  2 sleepcaps (D:7)
  6 iguanas
  12 orc priests
  10 orc wizards
  Natasha (twice) (D:4)
  11 adders
  30 gnolls
  2 shadow imps (D:7)
  5 white imps
  3 ufetubi
  5 dart slugs
  3 ribbon worms
  42 orcs
  10 bats
  6 endoplasms
  8 giant cockroaches
  8 goblins
  2 hobgoblins
  3 jackals (D:4)
  3 quokkas
  7 ball pythons
  5 frilled lizards
  11 kobolds
  14 rats
356 creatures vanquished.

Vanquished Creatures (collateral kills)
  A boulder beetle (Lair:1)
  3 death yaks (Lair:2)
  A cyclops (D:12)
  A manticore (D:11)
  A black mamba (Lair:1)
  A torpor snail (Lair:1)
  A rime drake (Lair:2)
  A komodo dragon (Lair:1)
  A polar bear (Lair:1)
  3 blink frogs (Lair:1)
  2 wyverns
  7 yaks
  A basilisk (Lair:2)
  A steam dragon (D:9)
  A vampire mosquito (D:11)
  A water moccasin (Lair:1)
  A sky beast (D:8)
  An orc warrior (D:10)
  2 black bears (D:7)
  8 wolves
  2 bullfrogs (Lair:1)
  A gnoll sergeant (D:10)
  A wight (D:7)
  4 orc wizards
  2 gnolls
  12 orcs
  A kobold (D:7)
  A rat (D:9)
63 creatures vanquished.

Vanquished Creatures (others)
  7 hexers
  An orc wizard (D:5)
  An ancestor (D:7)
9 creatures vanquished.

Grand Total: 428 creatures vanquished

Notes
Turn   | Place    | Note
-------+----------+-------------------------------------------
     0 | D:1      | fengi the Minotaur Fighter began the quest for the Orb.
     0 | D:1      | Reached XP level 1. HP: 19/19 MP: 0/0
   109 | D:1      | Reached XP level 2. HP: 27/27 MP: 1/1
   508 | D:1      | Reached XP level 3. HP: 33/33 MP: 2/2
  1086 | D:2      | Reached XP level 4. HP: 31/40 MP: 3/3
  1216 | D:2      | Noticed Sigmund
  1228 | D:2      | Killed Sigmund
  1229 | D:2      | Reached skill level 5 in Shields
  1229 | D:2      | Reached skill level 1 in Shapeshifting
  1229 | D:2      | Reached XP level 5. HP: 43/47 MP: 4/4
  1229 | D:2      | Reached XP level 6. HP: 51/55 MP: 5/5
  1582 | D:3      | Reached skill level 5 in Armour
  1599 | D:3      | Identified the +0 ring mail "Ricinax" {-Cast rElec Dex+7}
  1639 | D:3      | Reached skill level 5 in Fighting
  1985 | D:3      | Identified the amulet of the Shouting Saviour {Spirit rCorr
                  | MP+9 Str+3}
  2631 | D:4      | Noticed Natasha
  2645 | D:4      | Killed Natasha
  2846 | D:4      | Reached XP level 7. HP: 58/61 MP: 6/6
  3016 | D:4      | Reached skill level 5 in Maces & Flails
  3101 | D:4      | Noticed Natasha
  3108 | D:4      | Killed Natasha
  3134 | D:4      | Found a runed translucent door.
  3135 | D:4      | Noticed Crazy Yiuf
  3142 | D:4      | Killed Crazy Yiuf
  3454 | D:5      | Entered Level 5 of the Dungeon
  3466 | D:5      | Found a staircase to the Ecumenical Temple.
  3632 | D:5      | Noticed Pikel
  3688 | D:5      | Killed Pikel
  3689 | D:5      | Reached XP level 8. HP: 36/71 MP: 6/7
  4533 | Temple   | Entered the Ecumenical Temple
  4612 | Temple   | Became a worshipper of Hepliaklqana the Forgotten
  4668 | D:6      | Found a sand-covered staircase.
  4673 | D:6      | Reached XP level 9. HP: 73/79 MP: 8/8
  5690 | D:7      | Reached * piety under Hepliaklqana
  6230 | D:7      | Learned a level 3 spell: Fugue of the Fallen
  6235 | D:7      | Learned a level 4 spell: Anguish
  6475 | D:7      | Noticed a kobold demonologist
  6491 | D:7      | Reached skill level 1 in Necromancy
  6498 | D:7      | Killed a kobold demonologist
  6499 | D:7      | Reached skill level 1 in Spellcasting
  6499 | D:7      | Reached XP level 10. HP: 46/81 MP: 8/10
  7242 | D:8      | Found Bof Toimiow's Distillery.
  7382 | D:8      | Bought a potion of brilliance for 52 gold pieces
  7664 | D:8      | Noticed a death yak
  7666 | D:8      | Found a staircase to the Lair.
  7680 | D:8      | Killed a death yak
  7681 | D:8      | Reached skill level 5 in Shapeshifting
  7711 | D:8      | Found a stormy altar of Qazlal.
  7733 | D:8      | Found a shadowy altar of Dithmenos.
  7762 | D:8      | Reached ** piety under Hepliaklqana
  7763 | D:8      | Remembered your ancestor Seutrut as a hexer
  8180 | D:8      | Identified the +0 robe of Vaolacen {Dex+4}
  8504 | D:9      | Identified 2 scrolls of acquirement
  8625 | D:9      | Noticed Grum
  8641 | D:9      | Killed Grum
  8642 | D:9      | Reached XP level 11. HP: 55/87 MP: 13/13
  9010 | D:9      | Found a bloodstained altar of Trog.
  9127 | D:10     | Entered Level 10 of the Dungeon
  9137 | D:10     | Identified the +1 leather armour of the Unseen Realm {rElec
                  | rF+ Regen+ Str-3}
  9310 | D:10     | Found a blossoming altar of Fedhas.
  9312 | D:10     | Found an ancient bone altar of Kikubaaqudgha.
  9312 | D:10     | Found a hide-covered altar of Uskayaw.
  9313 | D:10     | Found an iron altar of Okawaru.
  9313 | D:10     | Found a shimmering blue altar of Sif Muna.
  9313 | D:10     | Found a burning altar of Makhleb.
  9313 | D:10     | Found an ornate altar of the Wu Jian Council.
  9795 | D:10     | Found a staircase to the Orcish Mines.
 10124 | D:10     | Reached *** piety under Hepliaklqana
 10261 | D:11     | Found Ithatiul's Antique Weapon Boutique.
 10298 | D:11     | Bought a glowing great mace for 332 gold pieces
 10403 | D:11     | Reached skill level 10 in Fighting
 10531 | D:11     | Noticed an orc knight
 10546 | D:11     | Killed an orc knight
 10547 | D:11     | Reached skill level 10 in Shields
 10607 | D:11     | Reached skill level 10 in Armour
 10922 | D:11     | Reached **** piety under Hepliaklqana
 11432 | D:12     | Reached skill level 1 in Invocations
 11699 | D:12     | Reached skill level 10 in Maces & Flails
 12473 | D:12     | Found Zoicus's Magic Scroll Shoppe.
 12476 | D:12     | Bought a scroll of teleportation for 42 gold pieces
 12532 | D:12     | Reached XP level 12. HP: 29/96 MP: 10/16
 12933 | Lair:1   | Entered Level 1 of the Lair of Beasts
 13040 | Lair:1   | Noticed a boulder beetle
 13055 | Lair:1   | Killed a boulder beetle
 14202 | Lair:1   | Noticed a catoblepas
 14211 | Lair:1   | Killed a catoblepas
 15029 | Lair:2   | Noticed a death yak
 15037 | Lair:2   | Killed a death yak
 15038 | Lair:2   | Noticed a death yak
 15038 | Lair:2   | Noticed a death yak
 15038 | Lair:2   | Noticed a death yak
 15039 | Lair:2   | Noticed a death yak
 15342 | Lair:2   | Killed a death yak
 15381 | Lair:2   | Killed a death yak
 15407 | Lair:2   | Killed a death yak
 15408 | Lair:2   | Reached XP level 13. HP: 21/104 MP: 8/18
 15420 | Lair:2   | HP: 4/104 [death yak (3)]
 15434 | Lair:1   | HP: 2/104 [death yak (4)]
 15437 | Lair:1   | Mangled by a death yak

Illustrated notes

Levels and vault maps discovered:
D:1:      amcnicky_arrival_abandoned_market, layout_basic, serial_glass,
          glass_columns_b, glass_columns_c, minmay_misc_feat_alley
D:2:      layout_rooms, uniq_sigmund
D:3:      layout_basic, chequers_serial_rivers_small_3
D:4:      layout_basic, minmay_fountain_box, serial_park_tiny_pond,
          uniq_crazy_yiuf_cottage, uniq_natasha
D:5:      minmay_octagon_keep, layout_basic, minmay_temple_entry_mini_moons,
          kennysheep_small_spiral, uniq_pikel
D:6:      hellmonk_ruined_rings, layout_basic,
          lightli_ossuary_entry_decrepit_ruins
D:7:      minmay_slanted_spiral_squares, layout_loops_ring
D:8:      layout_loops_corners, mainiacjoe_overflow_large_starburst,
          david_lair_generic, serial_shops, shop, nicolae_elevator_lobby_plus
D:9:      minmay_goldmine, layout_long_grid, tgw_trog, uniq_grum
D:10:     layout_basic, grunt_temple_overflow_open, erik_orc_1,
          serial_corexii_hall, chequers_hall_statues_wall_a,
          chequers_hall_statues_wall_a
D:11:     layout_stronghold, serial_shops, nicolae_stop_n_shop_2
D:12:     layout_irregular_city, serial_shops, kennysheep_mini
Temple:   nicolae_temple_hex_pool
Lair:1:   layout_small_grid, st_stairs_13, grunt_megastairs_2
Lair:2:   nzn_winding_woodlands_cross [nzn_winding_woodlands_5x15_twine,
          nzn_winding_woodlands_5x15_eye, nzn_winding_woodlands_5x15_jagged,
          nzn_winding_woodlands_5x15_garden,
          nzn_winding_woodlands_15x15_thick_spiral], layout_chaotic_city

Skill      XL: |  1  2  3  4  5  6  7  8  9 10 11 12 |
---------------+-------------------------------------+-----
Shields        | 4 5 6 7 8 9 10 11 | 11.4
Fighting       | 4 5 6 7 8 9 10 11 | 11.4
Armour         | 4 5 6 7 8 9 10 11 | 11.2
Maces & Flails | 3 4 5 6 8 9 10 11 | 11.1
Shapeshifting  | 1 2 3 4 5 6 |  6.7
Necromancy     | 1 2 3 4 |  4.8
Spellcasting   | 1 2 3 4 |  4.3
Invocations    | 1 4 |  4.0

Action                     |  1- 3 |  4- 6 |  7- 9 | 10-12 | 13-15 || total
---------------------------+-------+-------+-------+-------+-------++-------
  Melee: Flail             |    94 |   113 |       |       |       ||   207
         Headbutt          |     8 |    17 |    65 |   154 |       ||   244
         Hand axe          |       |       |    90 |       |       ||    90
         Whip              |       |       |   233 |   381 |       ||   614
         Mace              |       |       |       |   297 |     1 ||   298
  Throw: Stone             |    11 |    29 |    17 |    16 |       ||    73
         Dart              |       |       |     3 |       |       ||     3
   Cast: Fugue of the Fall |       |       |       |     2 |       ||     2
 Invoke: Ancestor Identity |       |       |     1 |       |       ||     1
         Ancestor Life: He |       |       |       |     1 |       ||     1
    Use: Scroll            |       |       |       |    11 |       ||    11
         Potion            |       |       |       |     6 |       ||     6
   Stab: Confused          |       |       |       |     6 |       ||     6
         Distracted        |       |       |       |     6 |       ||     6
 Armour: Scale mail        |    28 |       |    44 |   419 |     5 ||   496
         Chain mail        |    89 |    29 |       |       |       ||   118
         Ring mail         |       |    57 |   137 |       |       ||   194
         Leather armour    |       |       |    27 |       |       ||    27
         Skin              |       |       |       |    12 |       ||    12
  Dodge: Dodged            |    27 |    34 |   116 |   207 |       ||   384
  Block: Buckler           |    12 |    22 |    66 |    10 |       ||   110
         Kite shield       |       |       |       |   295 |     3 ||   298

Table legend: (Time is in decaauts)
 A = Elapsed time spent in this place.
 B = Non-inter-level travel time spent in this place.
 C = Inter-level travel time spent in this place.
 D = Time resting spent in this place.
 E = Time spent auto-exploring this place.
 F = Levels seen in this place.
 G = Mean time per level.
                   A        B        C        D        E       F      G
               +--------+--------+--------+--------+--------+-----+--------+
         Total |  15346 |  14725 |    621 |   2453 |   8147 |  15 | 1023.1 |
       Dungeon |  12753 |  12195 |    558 |   1513 |   7275 |  12 | 1062.8 |
        Temple |     98 |     36 |     62 |      0 |      0 |   1 |   98.0 |
          Lair |   2494 |   2494 |      0 |    940 |    872 |   2 | 1247.0 |
               +--------+--------+--------+--------+--------+-----+--------+

Top non-repeatable levels by time:
  Lair:1: 1946 daAuts
    D:12: 1544 daAuts
     D:8: 1334 daAuts
     D:7: 1250 daAuts
    D:10: 1112 daAuts
     D:3: 1108 daAuts
     D:5: 1088 daAuts
    D:11: 1054 daAuts
     D:6: 1004 daAuts
     D:1: 951 daAuts
     D:9: 844 daAuts
     D:4: 839 daAuts
     D:2: 620 daAuts
  Lair:2: 548 daAuts
  Temple: 98 daAuts
